 Dungeon Crawl Stone Soup version 0.27-a0-1105-g946c659c87 (webtiles) character file.

Game seed: 10186255693719710337

135 siradein the Slasher (level 4, -9/33 HPs)
             Began as a Demonspawn Gladiator on Apr 30, 2021.
             Mangled by a gnoll
             ... wielding a +0 halberd
              (14 damage)
             ... on level 3 of the Dungeon.
             The game lasted 00:04:28 (2741 turns).

siradein the Slasher (Demonspawn Gladiator)         Turns: 2741, Time: 00:04:29

Health: -9/33      AC:  5    Str: 14    XL:     4   Next: 96%
Magic:  4/4        EV: 12    Int: 10    God:
Gold:   92         SH:  0    Dex: 15    Spells: 3/3 levels left

rFire    . . .     SeeInvis .   f - +2 dagger (venom)
rCold    . . .     Faith    .   (no shield)
rNeg     . . .     Spirit   .   b - +0 leather armour
rPois    .         Reflect  .   (helmet restricted)
rElec    .         Harm     .   (no cloak)
rCorr    .         Rampage  .   (no gloves)
Will     .....                  (no boots)
Stlth    +.........             (no amulet)
HPRegen  0.11/turn              (no ring)
MPRegen  0.09/turn              (no ring)

@: lethally poisoned (-9 -> -19)
A: antennae 1, icy blue scales 1
a: no special abilities


You were on level 3 of the Dungeon.
You visited 1 branch of the dungeon, and saw 3 of its levels.

You collected 92 gold pieces.

Inventory:

Hand Weapons
 a - a +0 long sword
 f - a +2 dagger of venom (weapon)
 o - a +0 hunting sling of freezing
Missiles
 d - 3 throwing nets (quivered)
 e - 62 stones
Armour
 b - a +0 leather armour (worn)
 j - a +0 tower shield
Scrolls
 c - 3 scrolls of teleportation {unknown}
 g - 2 scrolls of fear {unknown}
 i - 2 scrolls of magic mapping {unknown}
 l - 2 scrolls of immolation {unknown}
 m - a scroll of enchant armour {unknown}
 n - a scroll of identify {unknown}
Potions
 h - a potion of heal wounds {unknown}
 k - 2 potions of curing {unknown}


   Skills:
 - Level 2.0 Fighting
 + Level 5.2 Long Blades
 - Level 1.7 Throwing
 - Level 2.6 Dodging


You had 3 spell levels left.
You didn't know any spells.
Your spell library contained the following spells:

 Spells                   Type           Power      Damage    Failure   Level
 Corona                   Hex            0%         N/A       43%         1
 Ensorcelled Hibernation  Hex/Ice        0%         N/A       58%         2
 Confusing Touch          Hex            0%         N/A       82%         3
 Dazzling Flash           Conj/Hex       0%         N/A       82%         3
 Tukima's Dance           Hex            0%         N/A       82%         3


Dungeon Overview and Level Annotations

Branches:
Dungeon (3/15)

Altars:
Makhleb
Trog


Innate Abilities, Weirdness & Mutations

You have a pair of small antennae on your head.
You are partially covered in icy blue scales. (AC +2)


Message History

Things that are here:
a +0 whip; a gnoll corpse You see here a +2 dagger of venom.
Your +2 dagger of venom begins to drip with poison!
f - a +2 dagger of venom (weapon)
Things that are here:
a +0 whip; a gnoll corpse
There is a stone staircase leading down, spattered with blood here.
You climb downwards.
The orc hits you with a +0 club. The orc barely misses you.
There is a stone staircase leading up, spattered with blood here.
You hit the orc but do no damage.
The orc is poisoned.
The gnoll hits you from afar with a +0 halberd.
The orc hits you with a +0 club. The gnoll barely misses you.
The orc hits you but does no damage.
You climb upwards.
There is a stone staircase leading down, spattered with blood here.
You hit the orc.
You kill the orc!
You start resting.
HP restored.
There is a stone staircase leading down, spattered with blood here.
You climb downwards.
The gnoll hits you from afar with a +0 halberd!
There is a stone staircase leading up, spattered with blood here.
The gnoll closely misses you. The gnoll hits you but does no damage.
Things that are here:
a +0 leather armour; a +0 club; an orc skeleton You hit the gnoll but do no damage.
The gnoll is poisoned.
The gnoll hits you from afar with a +4 spear of venom!
You are lethally poisoned!
The gnoll hits you with a +0 halberd.
* * * LOW HITPOINT WARNING * * *
You feel very sick. The gnoll closely misses you.
There is a stone staircase leading up, spattered with blood here.
* * * LOW HITPOINT WARNING * * *
You feel very sick.
The gnoll hits you from afar with a +0 halberd!
You die...

#.##.##.#######
#.......#
#####.### #.#
#g# #g####
#.#..#
#o#..####
#g#.gg[@#
#.##.####
#.)..# ######


You could see 2 gnolls.

Vanquished Creatures
  2 orc priests
  A gnoll (D:2)
  An adder (D:2)
  3 dart slugs
  6 orcs
  5 ball pythons
  5 endoplasms
  2 giant cockroaches (D:1)
  7 goblins
  2 hobgoblins (D:1)
  3 jackals (D:2)
  3 bats
  A frilled lizard (D:1)
  3 kobolds
  3 rats
47 creatures vanquished.

Notes
Turn   | Place    | Note
-------+----------+-------------------------------------------
     0 | D:1      | siradein the Demonspawn Gladiator began the quest for the
                  | Orb.
     0 | D:1      | Reached XP level 1. HP: 16/16 MP: 1/1
    78 | D:1      | Reached skill level 3 in Long Blades
   185 | D:1      | Gained mutation: You are partially covered in icy blue
                  | scales. (AC +2) [demonic ancestry]
   185 | D:1      | Reached XP level 2. HP: 12/22 MP: 2/2
   932 | D:1      | Gained mutation: You have a pair of small antennae on your
                  | head. [demonic ancestry]
   932 | D:1      | Reached XP level 3. HP: 20/27 MP: 3/3
  1098 | D:2      | Found a bloodstained altar of Trog.
  1246 | D:2      | Found a faded altar of an unknown god.
  1289 | D:2      | Reached skill level 4 in Long Blades
  1787 | D:2      | Reached XP level 4. HP: 2/33 MP: 4/4
  2245 | D:3      | Reached skill level 5 in Long Blades
  2283 | D:3      | Found a burning altar of Makhleb.
  2741 | D:3      | Mangled by a gnoll

Illustrated notes

Levels and vault maps discovered:
D:1:      shiori_shiawase, layout_basic
D:2:      minmay_spotlight, layout_rooms, ebering_ecumenical_altar_mist,
          basic_altar
D:3:      layout_basic, minitemple, nicolae_overflow_crystal_walls,
          lemuel_doored_altar

Skill      XL: |  1  2  3  4 |
---------------+-------------+-----
Long Blades    | 3 4 5 |  5.2
Fighting       | |  2.0
Throwing       | |  1.7
Dodging        | |  2.6

Action                   |  1- 3 |  4- 6 || total
-------------------------+-------+-------++-------
Melee: Long sword        |    85 |    34 ||   119
       Dagger            |       |     3 ||     3
 Stab: Sleeping          |     2 |       ||     2
Armor: Leather armour    |    28 |     8 ||    36
Dodge: Dodged            |    57 |    34 ||    91
       Rpst.: Long sword |    21 |     9 ||    30

Table legend: (Time is in decaauts)
 A = Elapsed time spent in this place.
 B = Non-inter-level travel time spent in this place.
 C = Inter-level travel time spent in this place.
 D = Time resting spent in this place.
 E = Time spent auto-exploring this place.
 F = Levels seen in this place.
 G = Mean time per level.
                   A        B        C        D        E       F      G
               +--------+--------+--------+--------+--------+-----+--------+
         Total |   2773 |   2703 |     70 |    780 |   1435 |   3 |  924.3 |
       Dungeon |   2773 |   2703 |     70 |    780 |   1435 |   3 |  924.3 |
               +--------+--------+--------+--------+--------+-----+--------+

Top non-repeatable levels by time:
     D:2: 1560 daAuts
     D:1: 1098 daAuts
     D:3: 114 daAuts
